 Dungeon Crawl Stone Soup version 0.29-a0-813-g4a14ea37d6 (webtiles) character file.

Game seed: 9917791676617409842

60 LynnLen the Digger (level 4, -2/48 HPs)
             Began as a Formicid Earth Elementalist on July 4, 2022.
             Slain by Pargi (5 damage)
             ... in a sewer.
             The game lasted 00:07:32 (1758 turns).

LynnLen the Digger (Formicid Earth Elementalist)    Turns: 1758, Time: 00:07:33

Health: -2/48      AC: 22    Str: 13    XL:     4   Next: 24%
Magic:  4/8        EV:  2    Int: 16    God:
Gold:   208        SH:  0    Dex: 14    Spells: 5/8 levels left

rFire   . . .      SeeInvis .   p - +0 long sword
rCold   . . .      Faith    .   (no shield)
rNeg    . . .      Spirit   .   (body armour currently unavailable)
rPois   +          Reflect  .   (helmet unavailable)
rElec   .          Harm     .   (cloak currently unavailable)
rCorr   .          Rampage  .   (gloves currently unavailable)
Will    .....                   (boots currently unavailable)
Stlth   ++........              (no amulet)
HPRegen 0.16/turn               (no ring)
MPRegen 0.11/turn               (no ring)

@: mighty, tree-form (expiring)
A: stationary, stasis, torment immunity, boosted hp, permanent stasis, dig
shafts and tunnels, (antennae 3), four strong arms
a: no special abilities


You were in a sewer.
You were a tree.
You visited 1 branch of the dungeon, and saw 3 of its levels.
You also visited: Sewer.

You collected 208 gold pieces.

Inventory:

Hand Weapons
 p - a +0 long sword (weapon)
Armour
 a - a +0 robe
 e - a +1 pair of boots (melded)
 k - a +0 ring mail (melded)
Jewellery
 g - a +6 ring of dexterity
 h - a ring of fire
Wands
 c - a wand of digging (3)
Scrolls
 i - 2 scrolls of identify {unknown}
 o - a scroll of amnesia
Potions
 b - a potion of magic
 f - a potion of ambrosia {unknown}
 j - a potion of lignification
 l - a potion of haste
 m - a potion of degeneration {unknown}
 n - a potion of resistance {unknown}


   Skills:
 * Level 1.0 Fighting
 + Level 2.2 Dodging
 + Level 2.7 Stealth
 + Level 2.7 Spellcasting
 + Level 1.1 Transmutations
 + Level 4.7 Earth Magic


You had 5 spell levels left.
You knew the following spells:

 Your Spells              Type           Power      Damage    Failure   Level
a - Sandblast             Erth           34%        2d9       2%          1
b - Passwall              Tmut/Erth      9%         N/A       9%          2

Your spell library contained the following spells:

 Spells                   Type           Power      Damage    Failure   Level
 Beastly Appendage        Tmut           10%        N/A       12%         1
 Wereblood                Tmut           5%         N/A       19%         2
 Stone Arrow              Conj/Erth      18%        3d8       22%         3
 Poisonous Vapours        Pois/Air       4%         N/A       28%         2
 Spider Form              Tmut/Pois      3%         N/A       43%         3
 Petrify                  Tmut/Erth      11%        N/A       50%         4
 Corpse Rot               Necr/Pois/Air  2%         N/A       88%         4


Dungeon Overview and Level Annotations

Branches:
Dungeon (3/15)              Sewer (1/1)

Altars:

Annotations:
Sewer Pargi


Innate Abilities, Weirdness & Mutations

You are a tree.
Your roots penetrate the ground, keeping you stationary.
You cannot be teleported.
You are immune to unholy pain and torment.
Your maximum health is greatly increased.
Your equipment is partially melded.
You cannot be hasted, slowed, berserked, paralysed or teleported.
You can dig through walls and to a lower floor.
((You have a pair of large antennae on your head. (SInv)))
Your four strong arms can wield two-handed weapons with a shield.


Message History

The blast of sand misses Pargi.
Pargi bites you but does no damage. Pargi claws you but does no damage.
Pargi barely misses you. Pargi bites you but does no damage.
Pargi claws you but does no damage. x2
Casting: Sandblast (safe; 2% risk of failure)
Confirm with . or Enter, or press ? or * to list all spells.
Aiming: Sandblast (safe; 2% risk of failure)
Press: ? - help, Shift-Dir - straight line, f/p - Pargi
Aim: Pargi (severely wounded, 74% to hit)
The blast of sand hits Pargi.
Pargi is almost dead.
Pargi bites you but does no damage. Pargi claws you but does no damage. x2
Pargi bites you but does no damage. Pargi claws you but does no damage. x2
Casting: Sandblast (safe; 2% risk of failure)
Confirm with . or Enter, or press ? or * to list all spells.
Aiming: Sandblast (safe; 2% risk of failure)
Press: ? - help, Shift-Dir - straight line, f/p - Pargi
Aim: Pargi (almost dead, 74% to hit)
The blast of sand misses Pargi.
Pargi bites you but does no damage.
Pargi claws you but does no damage. x2; Pargi bites you but does no damage.
Pargi claws you but does no damage. Pargi claws you.
* * * LOW HITPOINT WARNING * * *
You hit Pargi.
Pargi is almost dead.
Pargi bites you.
* * * LOW HITPOINT WARNING * * *
Pargi claws you.
* * * LOW HITPOINT WARNING * * *
Pargi claws you but does no damage.
It was a potion of haste.
Your stasis prevents you from being hasted.
Pargi bites you but does no damage. Pargi claws you but does no damage. x2
It was a potion of might.
You feel very mighty all of a sudden. Pargi bites you but does no damage.
Pargi claws you but does no damage. x2
Okay, then.
You closely miss Pargi.
Pargi is severely wounded.
Your transformation is almost over.
Pargi bites you.
You die...

≈≈≈# ≈≈≈#
≈≈≈#
#######
{+.≈≈≈.+
#.≈≈≈.#
####.≈≈≈.#
#$.T♣≈≈≈.+
####.≈≈≈.#
####.≈≈≈.#
#..'.≈≈≈.+
####.≈≈≈.#
####.≈≈≈.#
#∩....∩..+{
####.≈≈≈.#
#.≈≈≈.#


You could see Pargi.

Vanquished Creatures
  2 adders
  A worm (D:3)
  4 dart slugs
  An orc (D:2)
  4 giant cockroaches
  3 hobgoblins
  3 quokkas
  2 ball pythons
  A bat (D:1)
  4 frilled lizards
  A goblin (D:1)
  7 rats
33 creatures vanquished.

Notes
Turn   | Place    | Note
-------+----------+-------------------------------------------
     0 | D:1      | LynnLen the Formicid Earth Elementalist began the quest for
                  | the Orb.
     0 | D:1      | Reached XP level 1. HP: 13/13 MP: 3/3
   128 | D:1      | Reached XP level 2. HP: 19/19 MP: 1/5
   289 | D:1      | Learned a level 2 spell: Passwall
   343 | D:1      | Reached skill level 4 in Earth Magic
   713 | D:2      | Reached XP level 3. HP: 18/24 MP: 3/6
  1560 | D:3      | Reached XP level 4. HP: 28/31 MP: 7/7
  1580 | D:3      | Reached skill level 1 in Fighting
  1584 | D:3      | Found a glowing drain.
  1591 | Sewer    | Entered a sewer
  1744 | Sewer    | Noticed Pargi
  1755 | Sewer    | HP: 2/48 [Pargi (2)]
  1758 | Sewer    | Slain by Pargi

Illustrated notes

Levels and vault maps discovered:
D:1:      spicycebolla_arrival_clurvy, layout_loops_cross
D:2:      layout_rooms
D:3:      cheibrodos_old_hovel, layout_loops_ring,
          nicolae_overflow_ecumenical_swirl, gup_sewer_entry_bubbles,
          ebering_ecumenical_altar_petrified, grunt_decor_fettered,
          grunt_decor_one_mirror
Sewer:    kennysheep_door_sewer

Skill      XL: |  1  2  3  4 |
---------------+-------------+-----
Dodging        | 2 |  2.2
Earth Magic    | 4 |  4.7
Fighting       | 1 |  1.0
Stealth        | |  2.7
Spellcasting   | |  2.7
Transmutations | |  1.1

Action                   |  1- 3 |  4- 6 || total
-------------------------+-------+-------++-------
Melee: Dagger            |    20 |       ||    20
       Long sword        |    28 |    10 ||    38
 Cast: Sandblast         |    29 |    11 ||    40
  Use: Scroll            |     3 |       ||     3
       Potion            |       |     3 ||     3
Armor: Robe              |     7 |       ||     7
       Ring mail         |    14 |     6 ||    20
       Skin              |       |    35 ||    35
Dodge: Dodged            |    37 |    16 ||    53

Table legend: (Time is in decaauts)
 A = Elapsed time spent in this place.
 B = Non-inter-level travel time spent in this place.
 C = Inter-level travel time spent in this place.
 D = Time resting spent in this place.
 E = Time spent auto-exploring this place.
 F = Levels seen in this place.
 G = Mean time per level.
                   A        B        C        D        E       F      G
               +--------+--------+--------+--------+--------+-----+--------+
         Total |   1829 |   1829 |      0 |    141 |    810 |   4 |  457.2 |
       Dungeon |   1655 |   1655 |      0 |      0 |    810 |   3 |  551.7 |
         Sewer |    174 |    174 |      0 |    141 |      0 |   1 |  174.0 |
               +--------+--------+--------+--------+--------+-----+--------+

Top non-repeatable levels by time:
     D:2: 703 daAuts
     D:1: 658 daAuts
     D:3: 293 daAuts
   Sewer: 174 daAuts
